 Dungeon Crawl Stone Soup version 0.29.1-15-g9cfb28693d (webtiles) character file.

Game seed: 14993098817336247747

22230 nightchill the Severer (level 12, -10/84 HPs)
             Began as a Gargoyle Fighter on Apr 9, 2023.
             Was an Initiate of Gozag.
             Killed from afar by a salamander mystic (27 damage)
             ... with a bolt of magma
             ... in a volcano.
             The game lasted 00:28:16 (17571 turns).

nightchill the Severer (Gargoyle Fighter)          Turns: 17571, Time: 00:28:17

Health: -10/84     AC: 18    Str: 26    XL:     12   Next: 98%
Magic:  12/12      EV: 13    Int: 14    God:    Gozag
Gold:   953        SH:  8    Dex:  9    Spells: 11/11 levels left

rFire   + . .      SeeInvis .   B - +5 broad axe (vorpal)
rCold   . . .      Faith    .   K - +1 kite shield {rPois}
rNeg    + . .      Spirit   .   j - +2 leather armour {rF+}
rPois   ∞          Reflect  .   H - +0 helmet
rElec   +          Harm     .   v - +0 cloak
rCorr   .          Rampage  .   S - +0 pair of gloves
Will    .....                   e - +0 pair of boots
Stlth   +.........              (no amulet)
HPRegen 0.24/turn               R - +4 ring of evasion
MPRegen 0.13/turn               X - +6 ring of strength

@: mighty, brilliant, about to teleport, gold aura
A: sickness immunity, AC +8, negative energy resistance 1, electricity
resistance, torment resistance 1, petrification resistance
a: Renounce Religion, Potion Petition, Call Merchant, Bribe Branch


You were in a volcano.
You worshipped Gozag.
Gozag was pleased with you.
You visited 3 branches of the dungeon, and saw 17 of its levels.
You also visited: Volcano.

You collected 2323 gold pieces.
You paid 1370 gold pieces to Gozag.

Inventory:

Hand Weapons
 a - a +0 war axe
 p - a +0 war axe
 w - a +2 hammer of draining
 B - a +5 vorpal broad axe (weapon)
 J - the +3 trident "Xuiqas" {venom, rC++ Will+ Dex+3}
   (You found it on level 7 of the Dungeon)

   It poisons the flesh of those it strikes.
   Dex:       It affects your dexterity (+3).
   rC:        It greatly protects you from cold.
   Will:      It increases your willpower.
 P - the +9 hammer of the Globe {protect, Fragile Str+3 Int+4}
   (You found it on level 4 of the Dungeon)

   It grants its wielder temporary protection when it strikes (+7 to AC).
   Str:       It affects your strength (+3).
   Int:       It affects your intelligence (+4).
   Fragile:   It will be destroyed if unequipped.
Armour
 c - a +0 buckler
 e - a +0 pair of boots (worn)
 j - a +2 leather armour of fire resistance (worn)
 s - a +2 ring mail of poison resistance
 v - a +0 cloak (worn)
 G - an orb of light
 H - a +0 helmet (worn)
 K - a +1 kite shield of poison resistance (worn)
 S - a +0 pair of gloves (worn)
Jewellery
 b - an amulet of magic regeneration
 g - a +6 ring of intelligence
 r - a ring of see invisible
 x - a ring of wizardry
 F - a +4 ring of protection
 R - a +4 ring of evasion (left hand)
 T - a ring of flight
 U - a +4 ring of protection
 X - a +6 ring of strength (right hand)
Wands
 d - a wand of light (7)
 t - a wand of polymorph (3)
 z - a wand of flame (27)
 O - a wand of iceblast (5)
 W - a wand of mindburst (7)
Scrolls
 f - a scroll of silence {unknown}
 h - 4 scrolls of teleportation
 i - 2 scrolls of enchant weapon {unknown}
 n - 4 scrolls of amnesia {unknown}
 q - 2 scrolls of noise {unknown}
 y - a scroll of vulnerability {unknown}
 L - 3 scrolls of enchant armour {unknown}
 N - 2 scrolls of immolation {unknown}
 Q - a scroll of brand weapon {unknown}
 Y - a scroll of identify
 Z - 2 scrolls of fear {unknown}
Potions
 k - 3 potions of attraction
 l - 2 potions of magic
 m - 2 potions of haste
 o - 2 potions of curing
 u - a potion of heal wounds
 A - 2 potions of mutation {unknown}
 C - 2 potions of brilliance {unknown}
 E - 4 potions of flight
 I - 2 potions of might
 M - 2 potions of invisibility {unknown}
 V - a potion of lignification
Miscellaneous
 D - a phantom mirror


   Skills:
 + Level 13.8 Fighting
 * Level 15.9 Axes
 - Level 3.2 Armour
 - Level 3.2 Shields


You had 11 spell levels left.
You didn't know any spells.
Your spell library contained the following spells:

 Spells                   Type           Power      Damage    Failure   Level
 Ensorcelled Hibernation  Hex/Ice        0%         N/A       83%         2
 Passwall                 Tmut/Erth      0%         N/A       83%         2
 Scorch                   Fire           0%         2d5       83%         2
 Gell's Gravitas          Tloc           0%         N/A       97%         3
 Lesser Beckoning         Tloc           0%         N/A       97%         3
 Swiftness                Air            0%         N/A       97%         3
 Teleport Other           Tloc           0%         N/A       97%         3
 Flame Wave               Conj/Fire      0%         2d4       100%        4
 Summon Cactus Giant      Summ           0%         N/A       100%        6


Dungeon Overview and Level Annotations

Branches:
Dungeon (12/15)            Temple (1/1) D:7            Lair (4/5) D:9
  Swamp (0/4) Lair:2        Snake (0/4) Lair:3          Orc (0/2) D:12
Volcano (1/1)
  Slime: Lair:4-5

Altars:
Ashenzari
Fedhas
Gozag
Hepliaklqana
Kikubaaqudgha
Makhleb
Sif Muna
Trog
Uskayaw
Wu Jian
Xom
Zin

Shops:
D:2 ?   D:4 (   D:7 *

Annotations:
D:3 1 runed translucent door, diceflayer's ghost, amateur DsHu
D:4 exclusion: downstairs
Lair:1 exclusion: downstairs
Lair:3 exclusion: downstairs
Lair:4 Rupert


Innate Abilities, Weirdness & Mutations

You are immune to sickness and miasma.
Your stone body is resilient. (AC +8)
You are immune to poison.
You resist negative energy. (rN+)
You are resistant to electric shocks. (rElec)
You are resistant to unholy torment.
You are immune to petrification.


Message History

You slash the obsidian statue!
The obsidian statue is almost destroyed.
You barely miss the sixfirhy. You hit the salamander.
You hit the salamander mystic. You slash the salamander!
The red draconian breathes fire at you.
The searing blast misses the salamander.
The searing blast hits you. You resist.
The searing blast hits the obsidian statue.
The obsidian statue resists.
The obsidian statue's eyes glow briefly.
You block the salamander's attack. x2
You block the salamander mystic's attack.
You slice the obsidian statue!!
You are no longer entranced.
You destroy the obsidian statue!
The sixfirhy disappears in a puff of smoke!
The white imp disappears in a puff of smoke!
You barely miss the salamander. You slice the salamander!!
You hit the salamander mystic.
The salamander hits you with a +0 spear.
You are engulfed in flames.
You resist.
* * * LOW HITPOINT WARNING * * *
The salamander mystic gestures at you while chanting.
The bolt of magma hits you!! You partially resist.
* * * LOW HITPOINT WARNING * * *
The bolt of magma hits the salamander!
The salamander partially resists.
You block the salamander's attack.
Press: ? - help, v - describe, . - travel
Here: a red draconian, wielding a +2 battleaxe of flaming and wearing a +0 cloak (catching its breath)
The floor.
The salamander mystic barely misses you.
The salamander wields a +0 shortbow of flaming.
It bursts into flame!
The salamander shoots an arrow.
The arrow hits you but does no damage.
As you read the scroll of teleportation, it crumbles to dust.
You feel strangely unstable.
The salamander mystic gestures at you while chanting.
The bolt of magma hits you!! You partially resist.
You die...
Your body crumbles into a pile of gold.

####.≈☼☼#.#....≈≈≈≈≈≈≈§
#☼☼≈.####.##....≈≈≈§§§§
####.≈○○#.####...≈≈§§§§
#☼☼≈.####.# ##...≈≈§≈§§
####.°☼☼#.###8....≈≈≈≈≈
#○○≈.####.'.......§≈§≈§
####.≈≈°#####8.....≈≈≈≈
#○○○○#### ###.....≈≈≈
#####.@N## ##.......
###.°# ####..##
#.).[dNN.# ####
#∩$_?...|# ##)![.."##
########


You could see a salamander mystic and a salamander.

Vanquished Creatures
  Gastronok (Lair:2)
  2 hydras
  A catoblepas (Lair:3)
  2 bog bodies
  An obsidian statue (Volcano)
  A black mamba (Lair:3)
  6 cane toads
  9 komodo dragons
  A troll (D:9)
  Grinder (D:6)
  2 polar bears (Lair:3)
  6 blink frogs
  Sigmund (D:4)
  A wyvern (Lair:3)
  Eustachio (D:4)
  6 fire bats (Volcano)
  22 yaks
  2 basilisks
  A steam dragon (Lair:1)
  Menkaure (D:5)
  4 nagas (Lair:3)
  A warg (D:11)
  12 water moccasins
  Duvessa (D:5)
  2 black bears (D:6)
  2 orc warriors (D:6)
  3 sky beasts
  2 ice beasts
  A centaur (D:8)
  7 wolves
  A phantom (D:6)
  3 kobold brigands
  Blork the orc (D:5)
  A gnoll sergeant (D:9)
  10 bullfrogs
  3 necrophages
  A scorpion (D:4)
  5 wights (D:6)
  Dowan (D:5)
  6 killer bees (D:9)
  2 electric eels (D:9)
  A howler monkey (D:5)
  6 lava snakes (Volcano)
  9 hounds
  7 orc priests
  Crazy Yiuf (D:4)
  6 jellies
  Ijyb (D:3)
  4 iguanas
  5 orc wizards
  A hound skeleton (D:7)
  7 gnolls
  10 adders
  A shadow imp (D:6)
  2 white imps
  An ufetubus (D:4)
  A worm (D:2)
  A dart slug (D:2)
  18 orcs
  5 ball pythons
  7 bats
  4 endoplasms
  4 giant cockroaches
  6 goblins
  8 hobgoblins
  3 jackals (D:1)
  11 quokkas
  2 frilled lizards
  19 kobolds
  3 rats
291 creatures vanquished.

Vanquished Creatures (others)
  18 fungi
  22 plants
  2 withered plants (D:3)
42 creatures vanquished.

Grand Total: 333 creatures vanquished

Notes
Turn   | Place    | Note
-------+----------+-------------------------------------------
     0 | D:1      | nightchill the Gargoyle Fighter began the quest for the
                  | Orb.
     0 | D:1      | Reached XP level 1. HP: 14/14 MP: 1/1
    86 | D:1      | Reached skill level 2 in Axes
   398 | D:1      | Reached XP level 2. HP: 3/19 MP: 2/2
  1304 | D:1      | Reached XP level 3. HP: 24/24 MP: 3/3
  1608 | D:2      | Reached skill level 3 in Axes
  1906 | D:2      | Found Piackuwk's Magic Scroll Boutique.
  1916 | D:2      | Identified the +2 ring mail "Biwnutoe" {Will- Int+2 Dex+3}
  1937 | D:2      | Reached XP level 4. HP: 29/29 MP: 4/4
  2246 | D:3      | Found a faded altar of an unknown god.
  2333 | D:3      | Noticed Ijyb
  2343 | D:3      | Killed Ijyb
  2344 | D:3      | Reached skill level 4 in Axes
  2344 | D:3      | Reached XP level 5. HP: 29/34 MP: 5/5
  2699 | D:3      | Found a runed translucent door.
  2699 | D:3      | Noticed diceflayer's ghost (amateur DsHu)
  3036 | D:4      | Noticed Sigmund
  3054 | D:4      | Killed Sigmund
  3055 | D:4      | Reached skill level 5 in Fighting
  3055 | D:4      | Reached skill level 5 in Axes
  3055 | D:4      | Reached XP level 6. HP: 40/40 MP: 6/6
  3374 | D:4      | Reached XP level 7. HP: 32/44 MP: 7/7
  3517 | D:4      | Found a runed translucent door.
  3518 | D:4      | Noticed Crazy Yiuf
  3531 | D:4      | Killed Crazy Yiuf
  3748 | D:4      | Identified the +9 hammer of the Globe {protect, Fragile
                  | Str+3 Int+4}
  3780 | D:5      | Entered Level 5 of the Dungeon
  3781 | D:5      | Noticed Menkaure
  3985 | D:4      | Noticed Eustachio
  4004 | D:4      | Killed Eustachio
  4005 | D:4      | Reached skill level 6 in Axes
  4161 | D:4      | Found Pugiabon's Antique Weapon Emporium.
  4721 | D:5      | Killed Menkaure
  4722 | D:5      | Reached skill level 7 in Axes
  4722 | D:5      | Reached XP level 8. HP: 52/52 MP: 8/8
  4908 | D:5      | Noticed Duvessa
  4923 | D:5      | Killed Duvessa
  5414 | D:5      | Noticed Dowan
  5422 | D:5      | Killed Dowan
  5590 | D:5      | Noticed Blork the orc
  5594 | D:5      | Killed Blork the orc
  5595 | D:5      | Reached skill level 8 in Axes
  5986 | D:6      | Reached XP level 9. HP: 37/58 MP: 9/9
  6120 | D:6      | Found a hide-covered altar of Uskayaw.
  6164 | D:6      | Reached skill level 9 in Axes
  6707 | D:6      | Noticed Grinder
  6733 | D:6      | Paralysed by Grinder for 3 turns
  6747 | D:6      | Paralysed by Grinder for 4 turns
  6752 | D:6      | Killed Grinder
  7394 | D:7      | Reached skill level 10 in Axes
  7418 | D:7      | Found a staircase to the Ecumenical Temple.
  7424 | Temple   | Entered the Ecumenical Temple
  7431 | Temple   | Became a worshipper of Gozag Ym Sagoz the Greedy
  7983 | D:7      | Found Hakiqad's Serpentskin Sales.
  8142 | D:7      | Identified the +3 trident "Xuiqas" {venom, rC++ Will+
                  | Dex+3}
  8547 | D:7      | Found a burning altar of Makhleb.
  8910 | D:8      | Reached XP level 10. HP: 66/66 MP: 10/10
  9374 | D:8      | Found a shimmering blue altar of Sif Muna.
  9601 | D:9      | You fall into a shaft and drop 3 floors!
  9636 | D:12     | Noticed a two-headed ogre
  9662 | D:11     | Reached skill level 11 in Axes
  9772 | D:11     | Noticed a two-headed ogre
  9797 | D:10     | Entered Level 10 of the Dungeon
  9934 | D:10     | Reached skill level 10 in Fighting
 10418 | D:9      | Found a staircase to the Lair.
 10671 | D:9      | Reached skill level 12 in Axes
 11343 | Lair:1   | Entered Level 1 of the Lair of Beasts
 11388 | Lair:1   | Reached XP level 11. HP: 57/73 MP: 11/11
 11853 | Lair:1   | Reached skill level 13 in Axes
 12694 | Lair:2   | Noticed a bog body
 12800 | Lair:2   | Noticed Gastronok
 12800 | Lair:2   | Noticed a seven-headed hydra
 12820 | Lair:1   | Killed a seven-headed hydra
 13363 | Lair:2   | Killed Gastronok
 13727 | Lair:2   | Found a staircase to the Swamp.
 13728 | Lair:2   | Noticed a bog body
 13976 | Lair:1   | Killed a bog body
 13977 | Lair:1   | Reached skill level 14 in Axes
 14175 | Lair:2   | Killed a bog body
 14176 | Lair:2   | Reached XP level 12. HP: 52/82 MP: 12/12
 15343 | Lair:3   | Noticed a seven-headed hydra
 15354 | Lair:3   | Killed an eight-headed hydra
 15452 | Lair:3   | Noticed a catoblepas
 15462 | Lair:3   | Killed a catoblepas
 15463 | Lair:3   | Reached skill level 15 in Axes
 16227 | Lair:3   | Found a staircase to the Snake Pit.
 17062 | Lair:4   | Noticed Rupert
 17262 | Lair:4   | Found a dark tunnel.
 17279 | Volcano  | Entered a volcano
 17566 | Volcano  | Found a radiant altar of Vehumet.
 17566 | Volcano  | Noticed a red draconian
 17571 | Volcano  | Killed from afar by a salamander mystic

Illustrated notes

Levels and vault maps discovered:
D:1:      amcnicky_arrival_flooded_fountain, layout_loops_ring
D:2:      layout_rooms, serial_shops, nicolae_shop_statue_plus,
          hangedman_decor_push, minmay_pentomino_v4
D:3:      layout_basic, hellmonk_ecumenical_altar_arch_garden,
          gammafunk_ghost_grave, uniq_ijyb
D:4:      layout_basic, serial_shops, shop, uniq_sigmund, uniq_eustachio,
          uniq_crazy_yiuf_cottage
D:5:      layout_basic, uniq_menkaure, uniq_duvessa, uniq_blork_the_orc
D:6:      layout_gridville, lemuel_round_altar, uniq_grinder
D:7:      layout_basic, makhleb_blood_cavern_becter, minmay_temple_entry_hall,
          guppyfry_shop_venom
D:8:      layout_loops_ring, kennysheep_nub, kennysheep_small_circle
D:9:      layout_roguey, erik_lair_island
D:10:     layout_irregular_city, uniq_lodul
D:11:     layout_irregular_city, kennysheep_just_a_vault, uniq_sonja, uniq_grum
D:12:     layout_irregular_city, erik_orc_4
Temple:   nicolae_temple_bog_church
Lair:1:   layout_cave_pods, serial_bayou_shore_b
Lair:2:   layout_cave_pods, skrybe_swamp_entry_bodies, serial_bayou_shore_b,
          uniq_gastronok
Lair:3:   layout_concentric_octagons, minmay_snake_entry_guardpost_medium,
          beast_lair_carwin_5
Lair:4:   layout_concentric_octagons, enter_volcano_1,
          cheibrodos_lair_lostbears, uniq_rupert
Volcano:  volcano_grotto [vgs_trial_by_fire]

Skill      XL: |  1  2  3  4  5  6  7  8  9 10 11 12 |
---------------+-------------------------------------+-----
Axes           | 2 3 4 5 7 8 10 12 14 15 | 15.9
Fighting       | 4 5 6 7 9 10 12 13 | 13.8
Armour         | |  3.2
Shields        | |  3.2

Action                   |  1- 3 |  4- 6 |  7- 9 | 10-12 || total
-------------------------+-------+-------+-------+-------++-------
Melee: War axe           |   138 |   126 |   148 |       ||   412
       Broad axe         |       |       |   143 |   481 ||   624
       Mace              |       |       |       |    20 ||    20
Invok: Potion Petition   |       |       |       |     3 ||     3
Evoke: Wand              |       |       |       |     2 ||     2
  Use: Potion            |       |     2 |     5 |       ||     7
       Scroll            |       |     3 |     4 |     7 ||    14
 Stab: Invisible         |       |       |     1 |       ||     1
       Distracted        |       |       |       |     3 ||     3
Armor: Scale mail        |   103 |    27 |       |       ||   130
       Ring mail         |       |    38 |   159 |   345 ||   542
       Skin              |       |     9 |     1 |       ||    10
       Leather armour    |       |       |       |    36 ||    36
Dodge: Dodged            |    91 |    74 |   133 |   247 ||   545
Block: Buckler           |    32 |    22 |    42 |     1 ||    97
       Kite shield       |       |       |       |   256 ||   256
